 Dungeon Crawl Stone Soup version 0.20.0-10-g0535bb4 (webtiles) character file.

211590 MDvedh the Black Belt (level 18, -7/149 HPs)
             Began as a Barachi Monk on June 5, 2017.
             Was a Priest of Cheibriados.
             Mangled by an alligator snapping turtle (23 damage)
             ... on level 4 of the Shoals.
             The game lasted 01:16:56 (35791 turns).

MDvedh the Black Belt (Barachi Monk)               Turns: 35791, Time: 01:16:57

Health: -7/149     AC: 28    Str: 24    XL:     18   Next: 89%
Magic:  20/26      EV: 19    Int: 20    God:    Cheibriados [***...]
Gold:   1200       SH: 17    Dex: 32    Spells: 2/17 levels left

rFire    + . .     SeeInvis .     - Unarmed
rCold    + + +     Gourm    +   M - +1 shield {rC+}
rNeg     . . .     Faith    .   N - +6 chain mail "Ulexizij" {rF+ rC+}
rPois    +         Spirit   .   f - +1 helmet
rElec    .         Reflect  .   e - +1 cloak
rCorr    .         Harm     .   l - +0 pair of gloves
MR       ++...                  G - +0 pair of boots "Keoz" {*Drain rPois Slay+3}
Stlth    ..........             F - amulet of the gourmand
Regen    0.4/turn               u - +6 ring of dexterity
MPRegen  0.2/turn               V - ring of protection from magic

@: can't hop, glowing, very slow
A: +LOS, swims, talons 1, yellow scales 1, cold resistance 1, mutation
resistance 1, sense surroundings 1, screaming 1, slowness 1, strong legs 2
}: 1/15 runes: gossamer
a: Hop, Bend Time, Temporal Distortion, Renounce Religion


You were on level 4 of the Shoals.
You worshipped Cheibriados.
Cheibriados was most pleased with you.
You were very full.

You visited 6 branches of the dungeon, and saw 32 of its levels.
You also visited: Bailey and Volcano.

You collected 3230 gold pieces.
You spent 2030 gold pieces at shops.

Inventory:

Armour
 e - a +1 cloak (worn)
 f - a +1 helmet (worn)
 l - a +0 pair of gloves (worn)
 G - the +0 pair of boots "Keoz" (worn) {*Drain rPois Slay+3}
   (You found it on level 6 of the Lair of Beasts)

   It affects your accuracy and damage with ranged weapons and melee attacks
   (+3).
   It protects you from poison.
   It causes draining when unequipped.
 M - a +1 shield of cold resistance (worn)
 N - the +6 chain mail "Ulexizij" (worn) {rF+ rC+}
   (You bought it in a shop on level 12 of the Dungeon)

   It protects you from fire.
   It protects you from cold.
Jewellery
 s - an uncursed ring of flight
 u - a +6 ring of dexterity (left hand)
 y - an uncursed ring of see invisible
 F - an amulet of the gourmand (around neck)
 H - an uncursed ring of resist corrosion
 S - the ring of Esisua {*Slow rPois rN+ Int+4 SInv}
   (You found it on level 4 of the Spider Nest)

   [ring of poison resistance]

   It affects your intelligence (+4).
   It protects you from poison.
   It protects you from negative energy.
   It lets you see invisible.
   It may slow you when you take damage.
 U - an uncursed ring of poison resistance
 V - a ring of protection from magic (right hand)
Wands
 K - a wand of digging (23/24)
 R - a wand of iceblast (0/15)
Scrolls
 g - 5 scrolls of magic mapping
 i - 5 scrolls of enchant armour
 n - 12 scrolls of teleportation
 p - 10 scrolls of remove curse
 q - 6 scrolls of identify
 t - 2 scrolls of blinking
 x - 6 scrolls of amnesia
 z - 4 scrolls of fear
 L - 5 scrolls of enchant weapon
 O - 2 scrolls of fog
 W - a scroll of summoning
Potions
 c - 6 potions of agility
 k - 4 potions of cancellation
 o - a potion of resistance
 w - 5 potions of ambrosia
 A - 7 potions of magic
 C - 3 potions of flight
 D - 5 potions of might
 E - 11 potions of curing
 I - 4 potions of brilliance
 P - 2 potions of mutation
 Q - a potion of invisibility
 T - 7 potions of heal wounds
Books
 h - a book of Transfigurations

   Spells                             Type                      Level
   a - Irradiate                      Conjuration/Transmutation    5
   b - Statue Form                    Transmutation/Earth          6
   c - Hydra Form                     Transmutation                6
   d - Dragon Form                    Transmutation                7
 v - a book of Battle

   Spells                             Type                      Level
   a - Infusion                       Charms                       1
   b - Shroud of Golubria             Charms/Translocation         2
   c - Song of Slaying                Charms                       2
   d - Spectral Weapon                Hexes/Charms                 3
   e - Regeneration                   Charms/Necromancy            3
 B - the Catalogue of Spatial Evil Rites
   (You found it on level 2 of the Spider Nest)

   Spells                             Type                      Level
   a - Animate Skeleton               Necromancy                   1
   b - Recall                         Summoning/Translocation      3
   c - Teleport Other                 Translocation                3
   d - Excruciating Wounds            Charms/Necromancy            5
   e - Dispersal                      Translocation                6
Comestibles
 b - 7 bread rations
 d - 20 meat rations
 j - 13 fruits
 m - 7 royal jellies


   Skills:
 + Level 15.0 Fighting
 + Level 12.5 Armour
 - Level 10.9 Dodging
 - Level 1.7 Stealth
 - Level 15.5 Shields
 + Level 16.0 Unarmed Combat
 + Level 3.2 Charms
 + Level 14.4 Transmutations
 - Level 10.7 Invocations
 - Level 6.6 Evocations


You had 2 spell levels left.
You knew the following spells:

 Your Spells              Type           Power        Failure   Level  Hunger
a - Deflect Missiles      Chrm/Air       #.........   100%        6    #######
b - Statue Form           Tmut/Erth      ####.....    100%        6    #######
c - Regeneration          Chrm/Necr      #.........   80%         3    ####...


Dungeon Overview and Level Annotations

Branches:
Dungeon (15/15)            Temple (1/1) D:7            Lair (6/6) D:9
 Shoals (4/4) Lair:3       Spider (4/4) Lair:2        Slime (0/5) Lair:5
    Orc (2/2) D:9             Elf (0/3) Orc:2        Vaults (0/5) D:13
 Depths (0/5) D:15

Altars:
Ashenzari
Cheibriados
Dithmenos
Elyvilon
Hepliaklqana
Makhleb
Nemelex Xobeh
Okawaru
Qazlal
Ru
Sif Muna
Trog
Uskayaw
Vehumet
Xom
Yredelemnul
Zin
The Shining One
Beogh
Jiyva

Shops:
D:8 !   D:10 *   D:11 ?   D:12 ?[[(}   Orc:2 ([}%   Shoals:1 ![!

Portals:
Hell: Lair:6

Annotations:
D:6 Prince Ribbit
Lair:3 exclusion: 3 oklob plants
Spider:1 exclusion: Roxanne, Roxanne


Innate Abilities, Weirdness & Mutations

Shadows flee at your approach. (+LOS)
You can swim through water.
You cover ground slowly.
You can hop longer distances.
You have sharp toenails.
You are partially covered in yellow scales. (AC +2)
Your flesh is cold resistant. (rC+)
You are somewhat resistant to further mutation.
You passively map a small area around you.
You occasionally shout uncontrollably at your foes.


Message History

The satyr plays a frightful melody on his pipes!
The satyr radiates an aura of fear!
You resist with some effort.
The merfolk javelineer closely misses you.
The snapping turtle bites you from afar.
The faun unwields an uncursed hunting sling.
The faun wields an uncursed quarterstaff.
The faun completely misses you.
The alligator snapping turtle bites you from afar!!
* * * LOW HITPOINT WARNING * * *
Found a mace.
A sea snake comes into view.
You see here a hippogriff corpse.
The sea snake hisses angrily.
You block the harpy's attack. x2; The satyr shoots a sling bullet.
You block the sling bullet. The faun closely misses you.
The merfolk javelineer hits you but does no damage.
You writhe in agony.
* * * LOW HITPOINT WARNING * * *
The alligator snapping turtle bites you!!
You die...

≈≈,,,,,......≈≈...?≈#####..,,,,,,
≈≈≈≈≈≈,..........)(##,,,**,≈,,,≈≈
≈≈≈≈≈≈,..........(.#,,,,,*≈≈≈≈,≈≈
≈≈≈≈≈,,........!m.(#,,,,,+≈≈,≈≈≈≈
≈≈≈,,≈,,#.......S)§#,,,,,*≈,,≈≈≈≈
≈≈≈≈≈≈,,#..........##,,,**≈≈≈≈≈≈≈
≈≈≈≈≈≈,,##.$...mmt..##'##≈≈≈≈≈≈≈≈
≈≈≈≈≈≈,,*#.....†ctc......≈≈≈≈≈≈≈≈
≈≈≈,≈≈,,,#......@†.......≈≈≈≈,,,≈
≈≈≈≈,≈≈....P.....PH.....≈≈≈≈≈,,≈,
≈≈≈≈≈≈≈.........P.P.....≈≈≈≈≈***,
≈≈≈≈≈≈≈.P..............≈≈≈≈≈≈,**,
≈≈≈≈≈≈≈..≈≈≈....PP....≈≈≈≈≈≈≈≈,,,
≈≈≈≈≈≈≈..≈≈≈≈..PP##'##≈≈≈≈≈≈≈≈,,≈
≈≈≈≈≈≈≈≈≈≈≈≈..P.##,≈≈*#≈≈≈≈≈≈,,≈≈
≈≈≈≈≈≈≈≈≈≈≈.P...#,,...*≈≈≈≈≈≈≈≈≈≈
≈≈≈≈≈≈≈≈≈≈≈.....*,,,..#≈≈≈≈,,≈≈≈≈


You could see an alligator snapping turtle, a merfolk javelineer, a satyr, a sea
snake, a snapping turtle, 2 merfolk, a faun and a harpy.

Vanquished Creatures
  Nikola (Spider:1)
  Jorgrun (Spider:4)
  Asterion (Spider:1)
  Kirke (D:12)
  The ghost of PeterMcNeter the Severer, a journeyman HOMo of Beogh (D:13)
  Donald (Spider:4)
  2 orc warlords (Orc:2)
  7 emperor scorpions
  5 ghost moths
  6 entropy weavers
  Nessos (D:15)
  A dire elephant (Lair:6)
  Snorg (D:14)
  2 spark wasps (Spider:4)
  An ettin (D:13)
  3 merfolk impalers (Shoals:2)
  A fire dragon (D:15)
  An ice dragon (D:15)
  A rakshasa (D:14)
  A vault guard (D:13)
  8 hydras
  3 merfolk avatars
  A merfolk aquamancer (Shoals:4)
  3 centaur warriors
  9 two-headed ogres
  A death yak (Lair:5)
  A queen ant (Spider:4)
  8 death scarabs (Spider:4)
  3 tengu warriors
  An alligator snapping turtle (Shoals:3)
  An orc high priest (Orc:2)
  Urug (D:15)
  A sun demon (Lair:6)
  A spectral emperor scorpion (Spider:4)
  The ghost of Nico3ck the Carver, a novice FoFi (D:8)
  2 unseen horrors
  3 sea snakes (Shoals:4)
  A wizard (Lair:6)
  A spectral wolf spider (Spider:4)
  A wolf spider zombie (Spider:4)
  6 orc knights
  An orc sorcerer (D:14)
  2 deep elf magi
  3 moths of wrath
  14 ugly things
  27 wolf spiders
  6 manticores
  A salamander (shapeshifter) (D:14)
  A salamander (Lair:1)
  9 fauns
  18 orb spiders
  A moth of wrath (shapeshifter) (D:13)
  2 cyclopes (D:14)
  2 elephants
  2 water nymphs
  2 merfolk sirens
  3 black mambas
  5 torpor snails
  12 spiny frogs
  4 gargoyles
  2 molten gargoyles
  3 orange demons (Lair:6)
  6 kobold demonologists
  An efreet (Volcano)
  19 demonic crawlers
  7 rime drakes
  4 spectral redbacks (Spider:4)
  11 komodo dragons
  An ice devil (Lair:6)
  A hellwing (Lair:6)
  A redback zombie (D:13)
  10 merfolk
  2 red devils (Lair:6)
  A tengu conjurer (D:15)
  29 jumping spiders
  5 polar bears (Lair:3)
  13 trolls
  A meliai (Spider:3)
  3 wind drakes
  15 slime creatures
  5 spectral tarantellas (Spider:4)
  5 hornets
  A harpy skeleton (D:15)
  2 jumping spider zombies (Spider:4)
  15 blink frogs
  4 snapping turtles
  2 spectral jumping spiders (Spider:4)
  19 hippogriffs
  A shadow (D:12)
  A centaur simulacrum (D:14)
  76 redbacks
  2 water elementals (Shoals:4)
  A fire elemental (Volcano)
  13 fire bats
  45 tarantellas
  4 hogs (D:12)
  6 wyverns
  36 yaks
  6 basilisks
  6 vampire mosquitoes (D:12)
  2 hungry ghosts
  4 wargs (Orc:2)
  24 soldier ants
  19 water moccasins
  10 porcupines
  5 hell hounds
  A water moccasin (shapeshifter) (D:13)
  13 black bears
  Duvessa (D:6)
  6 sky beasts
  3 eyes of draining
  3 ice beasts
  37 orc warriors
  A black bear (shapeshifter) (D:13)
  2 phantoms
  A hornet zombie (D:14)
  19 ogres
  3 boggarts (D:14)
  5 centaurs
  8 wolves
  11 crocodiles
  4 big kobolds
  26 bullfrogs
  4 gnoll sergeants
  4 earth elementals (Spider:3)
  Dowan (D:6)
  A wyvern skeleton (D:14)
  5 scorpions
  13 killer bees
  7 wights
  A howler monkey (D:8)
  6 crimson imps
  3 lava snakes (Volcano)
  A quasit (D:10)
  2 bullfrog zombies
  2 bullfrog skeletons
  4 centaur zombies
  11 hounds
  2 jellies
  11 centaur skeletons
  5 gnoll shamans
  18 orc priests
  35 orc wizards
  Ijyb (D:5)
  6 iguanas
  27 worker ants
  A killer bee zombie (D:10)
  A hound zombie (D:8)
  A worker ant zombie (D:10)
  A howler monkey skeleton (D:5)
  64 gnolls
  14 adders
  5 shadow imps
  An ooze (D:4)
  2 adder zombies
  3 worms
  3 dart slugs
  8 leopard geckos
  91 orcs
  A ball python (D:3)
  8 giant cockroaches
  19 goblins
  21 hobgoblins
  24 jackals
  4 quokkas
  9 bats
  3 frilled lizards
  23 kobolds
  A leopard gecko skeleton (D:5)
  2 rats (D:1)
1284 creatures vanquished.

Vanquished Creatures (others)
  A wolf spider (Spider:1)
  A hippogriff (D:11)
  A wyvern (D:11)
  A jelly (D:10)
  2 fungi
  21 plants
27 creatures vanquished.

Grand Total: 1311 creatures vanquished

Notes
Turn   | Place    | Note
-------+----------+-------------------------------------------
     0 | D:1      | MDvedh the Barachi Monk began the quest for the Orb.
     0 | D:1      | Reached XP level 1. HP: 18/18 MP: 1/1
   203 | D:1      | Reached XP level 2. HP: 23/24 MP: 2/2
   214 | D:1      | Reached skill level 4 in Unarmed Combat
   498 | D:1      | Reached XP level 3. HP: 24/29 MP: 3/3
  1057 | D:1      | Reached skill level 5 in Unarmed Combat
  1183 | D:1      | Reached XP level 4. HP: 30/36 MP: 4/4
  1397 | D:2      | Gained mutation: Your system is resistant to poisons. (rPois) [potion of mutation]
  1397 | D:2      | Gained mutation: Your body sometimes deteriorates upon taking damage. [potion of mutation]
  1397 | D:2      | Gained mutation: You are resistant to hostile enchantments. (MR+) [potion of mutation]
  1609 | D:1      | Reached skill level 6 in Unarmed Combat
  1609 | D:1      | Reached XP level 5. HP: 24/41 MP: 5/5
  3246 | D:4      | Reached skill level 7 in Unarmed Combat
  3246 | D:4      | Reached XP level 6. HP: 42/47 MP: 6/6
  3658 | D:4      | Reached skill level 8 in Unarmed Combat
  3658 | D:4      | Reached XP level 7. HP: 20/52 MP: 7/7
  4119 | D:5      | Entered Level 5 of the Dungeon
  4190 | D:5      | Reached skill level 9 in Unarmed Combat
  4579 | D:5      | Noticed Ijyb
  4601 | D:5      | Killed Ijyb
  4753 | D:4      | Reached skill level 10 in Unarmed Combat
  4753 | D:4      | Reached XP level 8. HP: 22/59 MP: 8/8
  5504 | D:5      | Reached skill level 11 in Unarmed Combat
  6019 | D:6      | Noticed Duvessa
  6019 | D:6      | Noticed Dowan
  6033 | D:6      | Killed Duvessa
  6136 | D:6      | Killed Dowan
  6136 | D:6      | Reached skill level 12 in Unarmed Combat
  6357 | D:6      | Reached XP level 9. HP: 64/64 MP: 9/9
  6571 | D:6      | Reached skill level 1 in Armour
  6851 | D:6      | Noticed Prince Ribbit
  7975 | D:7      | Found a staircase to the Ecumenical Temple.
  7994 | Temple   | Entered the Ecumenical Temple
  8154 | Temple   | Became a worshipper of Cheibriados the Contemplative
  8154 | Temple   | Reached * piety under Cheibriados
  8154 | Temple   | Reached ** piety under Cheibriados
  8283 | D:7      | Reached skill level 13 in Unarmed Combat
  8366 | D:7      | Reached skill level 5 in Fighting
  8375 | D:8      | Noticed Nico3ck's ghost (novice FoFi)
  8967 | D:7      | Reached skill level 5 in Dodging
  9048 | D:8      | Killed Nico3ck's ghost
  9048 | D:8      | Reached XP level 10. HP: 33/76 MP: 10/10
  9400 | D:8      | Noticed a two-headed ogre
  9404 | D:8      | Killed a two-headed ogre
  9404 | D:8      | Reached skill level 5 in Armour
  9428 | D:8      | Reached *** piety under Cheibriados
  9523 | D:8      | Gained mutation: Your flesh is heat resistant. (rF+) [mutagenic meat]
  9524 | D:8      | Gained mutation: Your magical capacity is low. (-10% MP) [mutagenic meat]
  9525 | D:8      | Gained mutation: You have a pair of small horns on your head. [mutagenic meat]
  9576 | D:8      | Found Muyllu's Distillery.
  9873 | D:8      | Bought a potion of curing for 33 gold pieces
  9873 | D:8      | Bought a potion of mutation for 88 gold pieces
  9873 | D:8      | Bought a potion of might for 44 gold pieces
  9873 | D:8      | Bought a potion of resistance for 110 gold pieces
  9934 | D:8      | Reached skill level 14 in Unarmed Combat
 10408 | D:9      | Found a staircase to the Lair.
 10410 | D:9      | Reached **** piety under Cheibriados
 10422 | D:9      | You fall through a shaft for 2 floors!
 10530 | D:11     | Noticed a two-headed ogre
 10538 | D:11     | HP: 3/77 [two-headed ogre/giant club (11)]
 10543 | D:11     | Killed a two-headed ogre
 10543 | D:11     | Reached skill level 1 in Invocations
 10544 | D:11     | HP: 1/79 [orc/trident (6)]
 10893 | D:11     | Reached XP level 11. HP: 66/84 MP: 10/10
 11061 | D:10     | Entered Level 10 of the Dungeon
 11128 | D:10     | Noticed an unseen horror
 11140 | D:10     | Killed an unseen horror
 11152 | D:10     | Learned a level 6 spell: Deflect Missiles
 11286 | D:10     | Found Ziuji's Demolitions Depot.
 11936 | D:11     | Reached skill level 15 in Unarmed Combat
 11938 | D:11     | Reached ***** piety under Cheibriados
 12012 | D:11     | Found Ros Nahe's Magic Scroll Boutique.
 12028 | D:11     | Bought a scroll of identify for 28 gold pieces
 12028 | D:11     | Bought a scroll of enchant armour for 105 gold pieces
 12028 | D:11     | Bought a scroll of identify for 28 gold pieces
 12028 | D:11     | Bought a scroll of teleportation for 42 gold pieces
 12036 | D:11     | Identified a scroll of acquirement
 12037 | D:11     | Got a distressingly furry ring mail
 12048 | D:11     | Identified the +1 ring mail of the Jabberwock {rPois rF+ Int-2 SInv} (You acquired it on level 11 of the Dungeon)
 12508 | D:9      | Noticed a two-headed ogre
 12521 | D:9      | Killed a two-headed ogre
 12868 | D:9      | Found a staircase to the Orcish Mines.
 12878 | D:9      | Reached XP level 12. HP: 65/93 MP: 7/13
 13180 | D:9      | Reached skill level 1 in Shields
 13638 | Lair:1   | Entered Level 1 of the Lair of Beasts
 14062 | Lair:1   | Lost mutation: You have a pair of small horns on your head. [potion of mutation]
 14062 | Lair:1   | Lost mutation: Your system is resistant to poisons. (rPois) [potion of mutation]
 14062 | Lair:1   | Gained mutation: Armour fits poorly on your strangely shaped body. [potion of mutation]
 14062 | Lair:1   | Gained mutation: You passively map a small area around you. [potion of mutation]
 14830 | Lair:2   | Reached skill level 5 in Shields
 15040 | Lair:2   | Found a hole to the Spider Nest.
 15761 | Lair:3   | Found a staircase to the Shoals.
 15844 | Lair:3   | Reached skill level 5 in Invocations
 16754 | Lair:3   | Gained mutation: You can hop longer distances. [Barachi growth]
 16754 | Lair:3   | Reached XP level 13. HP: 102/102 MP: 15/15
 16930 | Lair:4   | Reached ****** piety under Cheibriados
 17017 | Lair:4   | Reached skill level 1 in Evocations
 17093 | Lair:4   | Reached skill level 10 in Fighting
 18157 | Lair:5   | Learned a level 6 spell: Statue Form
 18202 | Lair:5   | Found a dark tunnel.
 18209 | Volcano  | Entered a volcano
 18314 | Volcano  | Found a burning altar of Makhleb.
 18320 | Volcano  | Reached skill level 1 in Transmutations
 18513 | Volcano  | Noticed a stone giant
 18800 | Lair:5   | Found a staircase to the Slime Pits.
 18801 | Lair:5   | Found a viscous altar of Jiyva.
 19274 | Lair:6   | Entered Level 6 of the Lair of Beasts
 19450 | Lair:6   | Reached XP level 14. HP: 106/111 MP: 17/17
 19687 | Lair:6   | Reached skill level 5 in Transmutations
 19951 | Lair:6   | Reached skill level 10 in Shields
 20058 | Lair:6   | Reached skill level 10 in Dodging
 20230 | Lair:6   | Noticed a dire elephant
 20251 | Lair:6   | Killed a dire elephant
 20492 | Lair:6   | Found a burning altar of Makhleb.
 20494 | Lair:6   | Reached skill level 5 in Evocations
 20499 | Lair:6   | Found a gateway to Hell.
 20513 | Lair:6   | Got a pair of steaming boots
 20525 | Lair:6   | Identified the +0 pair of boots "Keoz" {*Drain rPois Slay+3} (You found it on level 6 of the Lair of Beasts)
 20906 | Orc:1    | Entered Level 1 of the Orcish Mines
 21211 | Orc:2    | Entered Level 2 of the Orcish Mines
 21258 | Orc:2    | Found a staircase to the Elven Halls.
 21378 | Orc:2    | Found a roughly hewn altar of Beogh.
 21430 | Orc:2    | Noticed an orc warlord
 21444 | Orc:2    | Killed an orc warlord
 21669 | Orc:2    | Noticed an orc warlord
 21681 | Orc:2    | Killed an orc warlord
 21803 | Orc:2    | Found Ywkulid's Antique Armour Boutique.
 21804 | Orc:2    | Found a roughly hewn altar of Beogh.
 21806 | Orc:2    | Found Inuped's Antique Weapon Shop.
 21819 | Orc:2    | Bought a runed helmet for 225 gold pieces
 21965 | Orc:2    | Found a roughly hewn altar of Beogh.
 22218 | Orc:2    | Found a roughly hewn altar of Beogh.
 22261 | Orc:2    | Found a roughly hewn altar of Beogh.
 22261 | Orc:2    | Found Xole's Food Boutique.
 22276 | Orc:2    | HP: 2/113 [orc high priest/divine providence (12)]
 22623 | Orc:2    | Found a roughly hewn altar of Beogh.
 22694 | Orc:2    | Reached XP level 15. HP: 100/119 MP: 18/18
 22741 | Orc:2    | Found a roughly hewn altar of Beogh.
 22746 | Orc:2    | Found Dikh's Gadget Shop.
 23151 | D:12     | Noticed Kirke
 23167 | D:12     | Killed Kirke
 23190 | D:12     | Found Pumua's Gadget Shoppe.
 23460 | D:12     | Found Itaufeu's Antique Armour Shop.
 23484 | D:12     | Found Qang's Antique Armour Shoppe.
 23515 | D:12     | Bought an ichor-stained chain mail for 237 gold pieces
 23525 | D:12     | Identified the +6 chain mail "Ulexizij" {rF+ rC+} (You bought it in a shop on level 12 of the Dungeon)
 23526 | D:12     | Bought a transparent scale mail for 225 gold pieces
 23536 | D:12     | Identified the +1 scale mail of the Leaf {+Fly Str+4} (You bought it in a shop on level 12 of the Dungeon)
 23620 | D:12     | Found Busas's Magic Scroll Boutique.
 23656 | D:12     | Bought a scroll of blinking for 97 gold pieces
 23656 | D:12     | Bought a scroll of blinking for 97 gold pieces
 23656 | D:12     | Bought a scroll of identify for 26 gold pieces
 23656 | D:12     | Bought a scroll of identify for 26 gold pieces
 23656 | D:12     | Bought 2 scrolls of identify for 52 gold pieces
 23656 | D:12     | Bought a scroll of magic mapping for 45 gold pieces
 23676 | D:12     | Found Riaf's Weapon Emporium.
 23918 | D:5      | Lost mutation: Your magical capacity is low. (-10% MP) [potion of mutation]
 23918 | D:5      | Lost mutation: Your body sometimes deteriorates upon taking damage. [potion of mutation]
 23918 | D:5      | Lost mutation: You passively map a small area around you. [potion of mutation]
 23918 | D:5      | Lost mutation: Your flesh is heat resistant. (rF+) [potion of mutation]
 23918 | D:5      | Gained mutation: Your muscles are strong. (Str +2) [potion of mutation]
 23918 | D:5      | Gained mutation: Your flesh is heat resistant. (rF+) [potion of mutation]
 23919 | D:5      | Lost mutation: Your muscles are strong. (Str +2) [potion of mutation]
 23919 | D:5      | Lost mutation: You are resistant to hostile enchantments. (MR+) [potion of mutation]
 23919 | D:5      | Lost mutation: Armour fits poorly on your strangely shaped body. [potion of mutation]
 23919 | D:5      | Lost mutation: Your flesh is heat resistant. (rF+) [potion of mutation]
 23919 | D:5      | Gained mutation: You are partially covered in yellow scales. (AC +2) [potion of mutation]
 23919 | D:5      | Gained mutation: You are somewhat resistant to further mutation. [potion of mutation]
 23919 | D:5      | Gained mutation: You passively map a small area around you. [potion of mutation]
 24438 | D:13     | Noticed PeterMcNeter's ghost (journeyman HOMo)
 24452 | D:13     | Killed PeterMcNeter's ghost
 24497 | D:13     | Found a flagged portal.
 24654 | Bailey   | Entered a bailey
 25434 | D:13     | Found a gate to the Vaults.
 25575 | D:14     | Noticed Snorg
 25589 | D:14     | Killed Snorg
 26183 | D:14     | Gained mutation: Your flesh is cold resistant. (rC+) [mutagenic meat]
 26185 | D:14     | Gained mutation: You occasionally shout uncontrollably at your foes. [mutagenic meat]
 26189 | D:14     | Gained mutation: You have sharp toenails. [mutagenic meat]
 26662 | D:15     | Entered Level 15 of the Dungeon
 26670 | D:15     | Reached skill level 10 in Transmutations
 26681 | D:15     | Reached XP level 16. HP: 105/129 MP: 22/22
 26797 | D:15     | Noticed Urug
 26813 | D:15     | Killed Urug
 26846 | D:15     | Found a staircase to the Depths.
 26910 | D:15     | Learned a level 3 spell: Regeneration
 27336 | D:15     | Noticed Nessos
 27337 | D:15     | Killed Nessos
 27912 | Spider:1 | Entered Level 1 of the Spider Nest
 28086 | Spider:1 | Noticed Asterion
 28103 | Spider:1 | Killed Asterion
 28198 | Spider:1 | Reached skill level 10 in Armour
 28479 | Spider:1 | Noticed Nikola
 28504 | Spider:1 | Killed Nikola
 28833 | Spider:1 | Noticed Roxanne
 29107 | Spider:1 | Got a smoking hat
 29118 | Spider:1 | Identified the +0 hat of the Ten Planets {Slay+2} (You acquired it on level 1 of the Spider Nest)
 29563 | Spider:2 | Reached XP level 17. HP: 121/137 MP: 24/24
 29661 | Spider:2 | Identified the Catalogue of Spatial Evil Rites
 31133 | Spider:3 | Reached skill level 10 in Invocations
 31145 | Spider:4 | Entered Level 4 of the Spider Nest
 31325 | Spider:4 | Noticed Donald
 31387 | Spider:4 | Killed Donald
 31500 | Spider:4 | Got a fine iron ring
 31632 | Spider:4 | Identified the ring of Esisua {*Slow rPois rN+ Int+4 SInv} (You found it on level 4 of the Spider Nest)
 32689 | Spider:4 | Reached XP level 18. HP: 113/146 MP: 0/25
 32720 | Spider:4 | Reached skill level 15 in Shields
 33077 | Spider:4 | Noticed Jorgrun
 33093 | Spider:4 | Killed Jorgrun
 34682 | Spider:4 | Got a gossamer rune of Zot
 34984 | Shoals:1 | Entered Level 1 of the Shoals
 35000 | Shoals:1 | Reached skill level 1 in Charms
 35057 | Shoals:1 | Found Ceiparuf's Distillery.
 35064 | Shoals:1 | Found Ufoll's Armour Shoppe.
 35067 | Shoals:1 | Bought a potion of curing for 54 gold pieces
 35067 | Shoals:1 | Bought a potion of might for 72 gold pieces
 35067 | Shoals:1 | Bought a potion of might for 72 gold pieces
 35067 | Shoals:1 | Bought 2 potions of degeneration for 36 gold pieces
 35067 | Shoals:1 | Bought a potion of curing for 54 gold pieces
 35078 | Shoals:1 | Found Xayluum's Distillery.
 35091 | Shoals:1 | Bought a potion of agility for 72 gold pieces
 35091 | Shoals:1 | Bought a potion of agility for 72 gold pieces
 35091 | Shoals:1 | Bought a potion of heal wounds for 90 gold pieces
 35590 | Shoals:3 | Reached skill level 16 in Unarmed Combat
 35693 | Shoals:4 | Entered Level 4 of the Shoals
 35768 | Shoals:4 | Reached skill level 15 in Fighting
 35791 | Shoals:4 | Mangled by an alligator snapping turtle

Skill      XL: |  1  2  3  4  5  6  7  8  9 10 11 12 13 14 15 16 17 18 |
---------------+-------------------------------------------------------+-----
Unarmed Combat | 4 5 6 7 8 10 12 13 14 15 16 | 16.0
Armour         | 4 6 7 8 9 10 11 12 | 12.5
Fighting       | 5 7 8 9 10 11 12 13 14 15 | 15.0
Dodging        | 5 6 8 9 10 | 10.9
Invocations    | 1 3 5 6 7 8 9 10 | 10.7
Shields        | 6 9 11 12 13 14 15 | 15.5
Evocations     | 4 6 |  6.6
Transmutations | 4 7 10 11 13 14 | 14.4
Charms         | 3 |  3.2
Stealth        | |  1.7

Action                   |  1- 3 |  4- 6 |  7- 9 | 10-12 | 13-15 | 16-18 || total
-------------------------+-------+-------+-------+-------+-------+-------++-------
Melee: Unarmed           |   156 |   210 |   482 |   594 |  1211 |  1839 ||  4492
       Punch             |     2 |       |    23 |    38 |       |       ||    63
       Headbutt          |       |       |       |    94 |       |       ||    94
Invok: Slouch            |       |       |       |     3 |    28 |    35 ||    66
       Bend Time         |       |       |       |     1 |       |       ||     1
       Step From Time    |       |       |       |       |     1 |       ||     1
 Abil: Hop               |     1 |     1 |     4 |     4 |     6 |     9 ||    25
Evoke: Wand              |       |       |     5 |     2 |    14 |     9 ||    30
  Use: Potion            |       |     2 |       |     2 |     4 |     2 ||    10
       Scroll            |       |    10 |     9 |    10 |    10 |    10 ||    49
 Stab: Paralysed         |       |       |       |     1 |       |       ||     1
       Distracted        |       |       |       |     1 |       |     1 ||     2
       Sleeping          |       |       |       |     2 |     6 |       ||     8
  Eat: Chunk             |     1 |     8 |    12 |    11 |    39 |    16 ||    87
       Bread ration      |       |       |     2 |     1 |     1 |     3 ||     7
Armor: Robe              |     6 |       |       |       |       |       ||     6
       Scale mail        |    69 |    93 |   166 |    75 |       |       ||   403
       Ring mail         |       |       |       |    70 |    83 |       ||   153
       Chain mail        |       |       |       |       |   106 |   824 ||   930
Dodge: Dodged            |   101 |   109 |   257 |   452 |   694 |  1226 ||  2839
Block: Shield            |       |       |       |   183 |   910 |  1811 ||  2904
